 Dungeon Crawl Stone Soup version 0.29-a0-668-g12ee2bf84d (webtiles) character file.

Game seed: 15248598966377152711

35 DocClef the Shield-Bearer (level 3, -5/35 HPs)
             Began as a Gnoll Fighter on June 23, 2022.
             Killed from afar by an orc wizard (7 damage)
             ... with a puff of flame
             ... on level 4 of the Dungeon.
             The game lasted 00:01:10 (1188 turns).

DocClef the Shield-Bearer (Gnoll Fighter)           Turns: 1188, Time: 00:01:10

Health: -5/35      AC:  9    Str: 17    XL:     3   Next: 35%
Magic:  4/4        EV:  9    Int:  7    God:
Gold:   45         SH:  5    Dex: 11    Spells: 3/3 levels left

rFire   . . .      SeeInvis .   a - +0 flail
rCold   . . .      Faith    .   c - +0 buckler
rNeg    . . .      Spirit   .   b - +0 scale mail
rPois   .          Reflect  .   (no helmet)
rElec   .          Harm     .   j - scarf {shadows}
rCorr   .          Rampage  .   (no gloves)
Will    .....                   e - +0 pair of boots
Stlth   ..........              (no amulet)
HPRegen 0.11/turn               f - ring of wizardry
MPRegen 0.09/turn               (no ring)

@: no status effects
A: fangs 1, strong nose, distributed training
a: no special abilities


You were on level 4 of the Dungeon.
You visited 1 branch of the dungeon, and saw 3 of its levels.

You collected 45 gold pieces.

Inventory:

Hand Weapons
 a - a +0 flail (weapon)
Armour
 b - a +0 scale mail (worn)
 c - a +0 buckler (worn)
 e - a +0 pair of boots (worn)
 j - a scarf of shadows (worn)
Jewellery
 f - a ring of wizardry (left hand)
 h - a ring of protection from fire
Scrolls
 i - 3 scrolls of identify
 l - a scroll of amnesia {unknown}
Potions
 d - 2 potions of might
 g - a potion of heal wounds
 k - a potion of invisibility
 m - 2 potions of lignification {unknown}
 n - a potion of curing {unknown}


   Skills:
 + Level 6.5 Fighting
 + Level 0.7 Short Blades
 + Level 0.7 Long Blades
 + Level 0.7 Axes
 + Level 4.5 Maces & Flails
 + Level 0.7 Polearms
 + Level 0.7 Staves
 + Level 0.7 Slings
 + Level 0.7 Bows
 + Level 0.7 Crossbows
 + Level 0.7 Throwing
 + Level 6.5 Armour
 + Level 0.7 Dodging
 + Level 0.7 Stealth
 + Level 6.5 Shields
 + Level 0.7 Unarmed Combat
 + Level 0.7 Spellcasting
 + Level 0.5 Conjurations
 + Level 0.5 Hexes
 + Level 0.5 Summonings
 + Level 0.5 Necromancy
 + Level 0.5 Translocations
 + Level 0.5 Transmutations
 + Level 0.5 Fire Magic
 + Level 0.5 Ice Magic
 + Level 0.5 Air Magic
 + Level 0.5 Earth Magic
 + Level 0.5 Poison Magic
 + Level 0.9 Invocations
 + Level 0.7 Evocations


You had 3 spell levels left.
You didn't know any spells.
Your spell library was empty.

Dungeon Overview and Level Annotations

Branches:
Dungeon (4/15)
 Temple: D:4-7

Altars:
Ashenzari


Innate Abilities, Weirdness & Mutations

You have very sharp teeth.
Your uncanny sense of smell can sniff out nearby items.
Your experience applies equally to all skills.


Message History

You kill the orc!
The endoplasm freezes you.
You are frozen.
* * * LOW HITPOINT WARNING * * *
The orc hits you but does no damage. Something hits you but does no damage.
Unknown command.
You sock the orc!
You kill the orc!
Something hits you.
* * * LOW HITPOINT WARNING * * *
You block the orc's attack. The endoplasm freezes you.
You are frozen.
* * * LOW HITPOINT WARNING * * *
You miss something. The endoplasm freezes you.
You are frozen.
* * * LOW HITPOINT WARNING * * *
You block the orc's attack. Something hits you but does no damage.
The endoplasm freezes you.
You are frozen.
* * * LOW HITPOINT WARNING * * *
Something hits you but does no damage. You block the orc's attack.
You miss something. The orc hits you but does no damage.
The endoplasm barely misses you.
You hear some strange, mumbled words.
Something tries to affect you, but you resist.
You miss something.
The endoplasm hits you but does no damage.
The orc hits you but does no damage.
You hear some strange, mumbled words.
A puff of flame appears from out of thin air!
The puff of flame hits you.
* * * LOW HITPOINT WARNING * * *
You miss something. The endoplasm barely misses you.
The orc completely misses you.
You hear some strange, mumbled words.
A puff of flame appears from out of thin air!
The puff of flame hits you!
You die...

## .## #.##
#.######..## ##.#
###......!.... #.##
............. .## #.
#..._....≈≈. ## #.#
#.....P..≈≈. # #.#
#..P.PJ..≈≈. ## #[#
#....@)..≈≈. .##### #.#
#....o{..≈≈. .....#
#.###...≈≈≈≈≈≈≈. .###.#
#.......≈≈≈≈≈≈≈.
..##.###...............
.......................
..#.########......##...
.##.# #.#.#### ###.#
#.###


You could see an orc and an endoplasm.

Vanquished Creatures
  2 orcs (D:4)
  2 endoplasms (D:1)
  7 goblins
  3 hobgoblins (D:1)
  3 kobolds (D:1)
  3 quokkas
  3 bats
  A frilled lizard (D:1)
  4 rats
28 creatures vanquished.

Vanquished Creatures (others)
  4 fungi (D:4)
4 creatures vanquished.

Grand Total: 32 creatures vanquished

Notes
Turn   | Place    | Note
-------+----------+-------------------------------------------
     0 | D:1      | DocClef the Gnoll Fighter began the quest for the Orb.
     0 | D:1      | Reached XP level 1. HP: 23/23 MP: 1/1
    56 | D:1      | Reached XP level 2. HP: 25/29 MP: 2/2
   709 | D:1      | Reached XP level 3. HP: 33/35 MP: 3/3
  1131 | D:2      | You fall into a shaft and drop 2 floors!
  1166 | D:4      | Found a broken altar of Ashenzari.
  1188 | D:4      | Killed from afar by an orc wizard

Illustrated notes

Levels and vault maps discovered:
D:1:      psy_arrival_whirlpool, layout_basic
D:2:      layout_rooms, chequers_ecumenical_altar_grove,
          kennysheep_pointless_box
D:4:      layout_loops_corners, mainiacjoe_overflow_chevrons

Action                   || total
-------------------------++-------
Melee: Flail             ||    86
       Bite              ||     9
  Use: Potion            ||     3
       Scroll            ||     1
Armor: Scale mail        ||    67
Dodge: Dodged            ||    46
Block: Buckler           ||    30

Table legend: (Time is in decaauts)
 A = Elapsed time spent in this place.
 B = Non-inter-level travel time spent in this place.
 C = Inter-level travel time spent in this place.
 D = Time resting spent in this place.
 E = Time spent auto-exploring this place.
 F = Levels seen in this place.
 G = Mean time per level.
                   A        B        C        D        E       F      G
               +--------+--------+--------+--------+--------+-----+--------+
         Total |   1206 |   1153 |     53 |      0 |    904 |   3 |  402.0 |
       Dungeon |   1206 |   1153 |     53 |      0 |    904 |   3 |  402.0 |
               +--------+--------+--------+--------+--------+-----+--------+

Top non-repeatable levels by time:
     D:1: 1008 daAuts
     D:2: 137 daAuts
     D:4: 60 daAuts
